TOP OF THE 1ST |
Buffalo White Walkers batting - Pitching for Oakland Oaks : LHP Faisal bin Nabeel
|
Pitching: LHP Faisal bin Nabeel
|
|
Batting: RHB Peter Holland
|
0-0: Foul Ball, location: 2F 0-1: Ball 1-1: Foul Ball, location: 2F 1-2: Foul Ball, location: 2F 1-2: Fly out, F4 (Line Drive, 4, EV 63.1 MPH)
|
Batting: RHB Luis Tañón
|
0-0: SINGLE (Line Drive, 34D, EV 96.9 MPH)
|
Batting: SHB Je-myung Yu
|
0-0: Ball Luis Tañón is caught stealing 2nd base 2-4 1-0: Foul Ball, location: 2F 1-1: Ball 2-1: Swinging Strike 2-2: DOUBLE (Line Drive, 9LD, EV 103.1 MPH)
|
Batting: RHB Derek Bangert
|
0-0: Called Strike 0-1: SINGLE (Groundball, 56S, EV 65.0 MPH) (infield hit) Je-myung Yu to third
|
Batting: RHB Tom Smythe
|
0-0: Called Strike 0-1: Ball 1-1: Called Strike 1-2: Foul Ball, location: 2F 1-2: SINGLE (Groundball, 6MD, EV 96.2 MPH) Je-myung Yu scores Derek Bangert to second Runner from 2nd tries for 3rd, SAFE, no throw by CF
|
Batting: LHB Jesús Lazcano
|
0-0: Ball 1-0: Ball 2-0: Ball 3-0: Called Strike 3-1: SINGLE (Flyball, 9S, EV 91.9 MPH) Derek Bangert scores Tom Smythe to second Runner from 2nd tries for 3rd, SAFE, throw by RF made to third
|
Batting: RHB Daryl Yandell
|
0-0: Ball 1-0: Ball 2-0: Called Strike 2-1: Foul Ball, location: 2F 2-2: Ball 3-2: Strikes out looking
|
Top of the 1st over - 2 runs, 5 hits, 0 errors, 2 left on base; Buffalo 2 - Oakland 0 |
BOTTOM OF THE 1ST |
Oakland Oaks batting - Pitching for Buffalo White Walkers : RHP Juan Guillén
|
Pitching: RHP Juan Guillén
|
|
Batting: LHB Yu-zeng Si
|
0-0: Foul Ball, location: 2F 0-1: Ball 1-1: Fly out, F8 (Flyball, 8RD, EV 92.5 MPH)
|
Batting: SHB Eustacio Tafalla
|
0-0: Called Strike 0-1: SINGLE (Groundball, 6D, EV 110.6 MPH)
|
Batting: LHB Héctor Velázquez
|
0-0: Called Strike 0-1: Ball 1-1: Swinging Strike 1-2: Ball 2-2: Ball Wild Pitch! Eustacio Tafalla to second 3-2: Fly out, F8 (Line Drive, 8LD, EV 93.8 MPH)
|
Batting: LHB Gabriel Montoya
|
0-0: Called Strike 0-1: Called Strike 0-2: Ground out 4-3 (Groundball, 4, EV 86.2 MPH)
|
Bottom of the 1st over - 0 runs, 1 hit, 0 errors, 1 left on base; Buffalo 2 - Oakland 0 |
TOP OF THE 2ND |
Buffalo White Walkers batting - Pitching for Oakland Oaks : LHP Faisal bin Nabeel
|
Batting: RHB Cisco Feijoo
|
0-0: Ball 1-0: TRIPLE (Line Drive, 89XD, EV 101.9 MPH)
|
Batting: LHB Gilberto Ocasio
|
0-0: Ground out 4-3 (Groundball, 34, EV 83.1 MPH) Cisco Feijoo scores
|
Batting: RHB Peter Holland
|
0-0: Called Strike 0-1: Swinging Strike 0-2: Foul Ball, location: 2F 0-2: Strikes out swinging
|
Batting: RHB Luis Tañón
|
0-0: Ball 1-0: Foul Ball, location: 2F 1-1: Ball 2-1: Called Strike 2-2: Ball 3-2: Ground out 6-3 (Groundball, 6, EV 107.5 MPH)
|
Top of the 2nd over - 1 run, 1 hit, 0 errors, 0 left on base; Buffalo 3 - Oakland 0 |
BOTTOM OF THE 2ND |
Oakland Oaks batting - Pitching for Buffalo White Walkers : RHP Juan Guillén
|
Batting: RHB Colin O'Connell
|
0-0: Called Strike 0-1: Ball 1-1: Foul Ball, location: 2F 1-2: Ball 2-2: Strikes out looking
|
Batting: LHB Jesús Colón
|
0-0: Ball 1-0: Swinging Strike 1-1: Ball 2-1: Called Strike 2-2: Ball 3-2: Base on Balls
|
Batting: SHB Cecil Nelson
|
0-0: Ball 1-0: SINGLE (Flyball, 8RS, EV 90.6 MPH) Jesús Colón to second
|
Batting: LHB Obidiah Lewis
|
0-0: Called Strike 0-1: Foul Ball, location: 2F 0-2: Ball 1-2: Fly out, F8 (Flyball, 89D, EV 90.0 MPH) Runner from 2nd tags up, SAFE at 3rd, no throw by CF
|
Batting: RHB Silvian Burger
|
0-0: Called Strike 0-1: Called Strike 0-2: Ball Wild Pitch! Jesús Colón scores Cecil Nelson to second 1-2: Ball 2-2: Ball 3-2: Fly out, F7 (Line Drive, 7D, EV 86.2 MPH)
|
Bottom of the 2nd over - 1 run, 1 hit, 0 errors, 1 left on base; Buffalo 3 - Oakland 1 |
TOP OF THE 3RD |
Buffalo White Walkers batting - Pitching for Oakland Oaks : LHP Faisal bin Nabeel
|
Batting: SHB Je-myung Yu
|
0-0: Ball 1-0: Foul Ball, location: 2F 1-1: Ball 2-1: Swinging Strike 2-2: Foul Ball, location: 2F 2-2: SINGLE (Groundball, 6, EV 78.8 MPH) (infield hit)
|
Batting: RHB Derek Bangert
|
0-0: Ball 1-0: SINGLE (Line Drive, 78M, EV 100.6 MPH) Je-myung Yu to second
|
Batting: RHB Tom Smythe
|
0-0: Ball 1-0: Called Strike 1-1: Fly out, F4 (Popup, 3DF, EV 69.4 MPH)
|
Batting: LHB Jesús Lazcano
|
0-0: Called Strike 0-1: Called Strike 0-2: Fielders Choice at 2nd, 3-6 (Groundball, 3, EV 106.2 MPH) Je-myung Yu to third
|
Batting: RHB Daryl Yandell
|
0-0: Ball 1-0: Swinging Strike 1-1: Ball 2-1: Foul Ball, location: 2F 2-2: Fly out, F8 (Line Drive, 8LD, EV 93.1 MPH)
|
Top of the 3rd over - 0 runs, 2 hits, 0 errors, 2 left on base; Buffalo 3 - Oakland 1 |
BOTTOM OF THE 3RD |
Oakland Oaks batting - Pitching for Buffalo White Walkers : RHP Juan Guillén
|
Batting: LHB Yu-zeng Si
|
0-0: Ball 1-0: Foul Ball, location: 9LSF, Error on foul ball, E9 1-1: Ball 2-1: Ball 3-1: Swinging Strike 3-2: Strikes out looking
|
Batting: SHB Eustacio Tafalla
|
0-0: Swinging Strike 0-1: Ball 1-1: Ground out 4-3 (Groundball, 4, EV 91.2 MPH)
|
Batting: LHB Héctor Velázquez
|
0-0: Called Strike 0-1: Ball 1-1: Foul Ball, location: 2F 1-2: Ball 2-2: Ground out U3 (Groundball, 3L, EV 90.0 MPH)
|
Bottom of the 3rd over - 0 runs, 0 hits, 1 error, 0 left on base; Buffalo 3 - Oakland 1 |
TOP OF THE 4TH |
Buffalo White Walkers batting - Pitching for Oakland Oaks : LHP Faisal bin Nabeel
|
Batting: RHB Cisco Feijoo
|
0-0: Foul Ball, location: 2F 0-1: Ball 1-1: Ball 2-1: Swinging Strike 2-2: Ball 3-2: Foul Ball, location: 2F 3-2: Foul Ball, location: 2F 3-2: Ground out 6-3 (Groundball, 6, EV 97.5 MPH)
|
Batting: LHB Gilberto Ocasio
|
0-0: Called Strike 0-1: SINGLE (Groundball, 15S, EV 71.2 MPH) (infield hit)
|
Batting: RHB Peter Holland
|
0-0: Foul Ball, location: 2F 0-1: Swinging Strike 0-2: Ball 1-2: Ball 2-2: Ball 3-2: Base on Balls Gilberto Ocasio to second
|
Batting: RHB Luis Tañón
|
0-0: Called Strike Gilberto Ocasio steals 3rd base 0-1: Ball 1-1: Grounds into double play, 5-4-3 (Groundball, 56, EV 105.6 MPH)
|
Top of the 4th over - 0 runs, 1 hit, 0 errors, 1 left on base; Buffalo 3 - Oakland 1 |
BOTTOM OF THE 4TH |
Oakland Oaks batting - Pitching for Buffalo White Walkers : RHP Juan Guillén
|
Batting: LHB Gabriel Montoya
|
0-0: Ball 1-0: Called Strike 1-1: Ball 2-1: Foul Ball, location: 2F 2-2: Strikes out swinging
|
Batting: RHB Colin O'Connell
|
0-0: Ball 1-0: Foul Ball, location: 2F 1-1: Ball 2-1: Foul Ball, location: 2F 2-2: Strikes out swinging
|
Batting: LHB Jesús Colón
|
0-0: Called Strike 0-1: Ball 1-1: Swinging Strike 1-2: Strikes out swinging
|
Bottom of the 4th over - 0 runs, 0 hits, 0 errors, 0 left on base; Buffalo 3 - Oakland 1 |
TOP OF THE 5TH |
Buffalo White Walkers batting - Pitching for Oakland Oaks : LHP Faisal bin Nabeel
|
Batting: SHB Je-myung Yu
|
0-0: Foul Ball, location: 2F 0-1: Called Strike 0-2: Ball 1-2: Ball 2-2: Foul Ball, location: 2F 2-2: Foul Ball, location: 2F 2-2: Ball 3-2: Foul Ball, location: 2F 3-2: Foul Ball, location: 2F 3-2: SOLO HOME RUN (Flyball, 9D, EV 90.0 MPH), Distance : 357 ft
|
Batting: RHB Derek Bangert
|
0-0: Called Strike 0-1: Fly out, F9 (Flyball, 89D, EV 88.8 MPH)
|
Batting: RHB Tom Smythe
|
0-0: Foul Ball, location: 2F 0-1: Foul Ball, location: 2F 0-2: Fly out, F9 (Line Drive, 9, EV 88.1 MPH)
|
Batting: LHB Jesús Lazcano
|
0-0: Called Strike 0-1: Foul Ball, location: 2F 0-2: Strikes out swinging
|
Top of the 5th over - 1 run, 1 hit, 0 errors, 0 left on base; Buffalo 4 - Oakland 1 |
BOTTOM OF THE 5TH |
Oakland Oaks batting - Pitching for Buffalo White Walkers : RHP Juan Guillén
|
Batting: SHB Cecil Nelson
|
0-0: Ground out 3-1 (Groundball, 34D, EV 104.4 MPH)
|
Batting: LHB Obidiah Lewis
|
0-0: Called Strike 0-1: Foul Ball, location: 2F 0-2: Ball 1-2: Ball 2-2: Ball 3-2: DOUBLE (Flyball, 8RXD, EV 104.4 MPH)
|
Batting: RHB Silvian Burger
|
0-0: Ball 1-0: Swinging Strike 1-1: Ball 2-1: Foul Ball, location: 2F 2-2: Foul Ball, location: 2F 2-2: Strikes out swinging
|
Batting: LHB Yu-zeng Si
|
0-0: Ball 1-0: Fly out, F1 (Line Drive, P, EV 66.9 MPH)
|
Bottom of the 5th over - 0 runs, 1 hit, 0 errors, 1 left on base; Buffalo 4 - Oakland 1 |
TOP OF THE 6TH |
Buffalo White Walkers batting - Pitching for Oakland Oaks : LHP Faisal bin Nabeel
|
Batting: RHB Daryl Yandell
|
0-0: Ball 1-0: Called Strike 1-1: Ball 2-1: Called Strike 2-2: Ground out 4-3 (Groundball, 4, EV 103.1 MPH)
|
Pitching: RHP Abraham van der Meulen
|
|
Batting: RHB Cisco Feijoo
|
0-0: Ball 1-0: Fly out, F7 (Flyball, 7LMF, EV 103.1 MPH)
|
Batting: LHB Gilberto Ocasio
|
0-0: Ground out 4-3 (Groundball, 4, EV 91.2 MPH)
|
Top of the 6th over - 0 runs, 0 hits, 0 errors, 0 left on base; Buffalo 4 - Oakland 1 |
BOTTOM OF THE 6TH |
Oakland Oaks batting - Pitching for Buffalo White Walkers : RHP Juan Guillén
|
Batting: SHB Eustacio Tafalla
|
0-0: Ball 1-0: Ball 2-0: Ball 3-0: Foul Ball, location: 2F 3-1: Ground out 4-3 (Groundball, 4, EV 104.4 MPH)
|
Batting: LHB Héctor Velázquez
|
0-0: Ground out U3 (Groundball, 3, EV 85.0 MPH)
|
Batting: LHB Gabriel Montoya
|
0-0: Ball 1-0: Ground out U3 (Groundball, 34, EV 86.2 MPH)
|
Bottom of the 6th over - 0 runs, 0 hits, 0 errors, 0 left on base; Buffalo 4 - Oakland 1 |
TOP OF THE 7TH |
Buffalo White Walkers batting - Pitching for Oakland Oaks : RHP Abraham van der Meulen
|
Batting: RHB Peter Holland
|
0-0: Ball 1-0: Called Strike 1-1: Swinging Strike 1-2: Strikes out swinging
|
Batting: RHB Luis Tañón
|
0-0: Ball 1-0: Swinging Strike 1-1: Fly out, F3 (Line Drive, 3, EV 69.4 MPH)
|
Batting: SHB Je-myung Yu
|
0-0: Ball 1-0: DOUBLE (Line Drive, 89M, EV 100.6 MPH)
|
Batting: RHB Derek Bangert
|
0-0: Called Strike 0-1: Swinging Strike 0-2: Ball 1-2: Ball 2-2: Strikes out swinging
|
Top of the 7th over - 0 runs, 1 hit, 0 errors, 1 left on base; Buffalo 4 - Oakland 1 |
BOTTOM OF THE 7TH |
Oakland Oaks batting - Pitching for Buffalo White Walkers : RHP Juan Guillén
|
Batting: RHB Colin O'Connell
|
0-0: Ball 1-0: Foul Ball, location: 2F 1-1: Called Strike 1-2: Ball 2-2: Ball 3-2: Ground out 6-3 (Groundball, 6, EV 85.6 MPH)
|
Batting: LHB Jesús Colón
|
0-0: Ball 1-0: Ball 2-0: SINGLE (Flyball, 89S, EV 83.8 MPH)
|
Batting: SHB Cecil Nelson
|
0-0: Called Strike 0-1: Ball 1-1: Swinging Strike 1-2: Foul Ball, location: 2F 1-2: Ball 2-2: Strikes out swinging
|
Pitching: LHP Amberlan Romubio
|
|
Batting: LHB Obidiah Lewis
|
0-0: DOUBLE (Flyball, 89XD, EV 90.0 MPH) Jesús Colón to third Runner from 3rd tries for Home, SAFE, throw by CF to home
|
Batting: RHB Silvian Burger
|
0-0: Ball 1-0: Called Strike 1-1: Ball 2-1: Ball 3-1: Called Strike 3-2: Foul Ball, location: 2F 3-2: Ground out 5-3 (Groundball, 56S, EV 82.5 MPH)
|
Bottom of the 7th over - 1 run, 2 hits, 0 errors, 1 left on base; Buffalo 4 - Oakland 2 |
TOP OF THE 8TH |
Buffalo White Walkers batting - Pitching for Oakland Oaks : RHP Abraham van der Meulen
|
Batting: RHB Tom Smythe
|
0-0: Ball 1-0: SINGLE (Line Drive, 34D, EV 110.6 MPH)
|
Batting: LHB Jesús Lazcano
|
0-0: Called Strike Tom Smythe is caught stealing 2nd base 2-6 0-1: Foul Ball, location: 2F 0-2: Ground out 4-3 (Groundball, 4, EV 108.1 MPH)
|
Batting: RHB Daryl Yandell
|
0-0: SOLO HOME RUN (Line Drive, 7D, EV 104.4 MPH), Distance : 412 ft
|
Batting: RHB Cisco Feijoo
|
0-0: Ground out 4-3 (Groundball, 4, EV 104.4 MPH)
|
Top of the 8th over - 1 run, 2 hits, 0 errors, 0 left on base; Buffalo 5 - Oakland 2 |
BOTTOM OF THE 8TH |
Oakland Oaks batting - Pitching for Buffalo White Walkers : LHP Amberlan Romubio
|
Batting: LHB Yu-zeng Si
|
0-0: Called Strike 0-1: Ground out 4-3 (Groundball, 4, EV 84.4 MPH)
|
Batting: SHB Eustacio Tafalla
|
0-0: Foul Ball, location: 2F 0-1: Ground out 5-3 (Groundball, 5D, EV 101.9 MPH)
|
Batting: LHB Héctor Velázquez
|
0-0: Called Strike 0-1: Called Strike 0-2: Strikes out swinging
|
Bottom of the 8th over - 0 runs, 0 hits, 0 errors, 0 left on base; Buffalo 5 - Oakland 2 |
TOP OF THE 9TH |
Buffalo White Walkers batting - Pitching for Oakland Oaks : RHP Abraham van der Meulen
|
Batting: LHB Gilberto Ocasio
|
0-0: Ball 1-0: Ball 2-0: Fly out, F7 (Flyball, 7S, EV 86.9 MPH)
|
Batting: RHB Peter Holland
|
0-0: Ball 1-0: Fly out, F9 (Flyball, 9S, EV 91.9 MPH)
|
Batting: RHB Luis Tañón
|
0-0: Ball 1-0: Called Strike 1-1: Ball 2-1: Fly out, F7 (Flyball, 7D, EV 106.9 MPH)
|
Top of the 9th over - 0 runs, 0 hits, 0 errors, 0 left on base; Buffalo 5 - Oakland 2 |
BOTTOM OF THE 9TH |
Oakland Oaks batting - Pitching for Buffalo White Walkers : LHP Amberlan Romubio
|
Pitching: RHP Woodward Haberdash
|
|
Batting: LHB Gabriel Montoya
|
0-0: Called Strike 0-1: Foul Ball, location: 2F 0-2: Hit by Pitch
|
Batting: RHB Colin O'Connell
|
0-0: Ball 1-0: SINGLE (Line Drive, 9S, EV 91.9 MPH) Gabriel Montoya to second
|
Batting: LHB Jesús Colón
|
0-0: Ball 1-0: Ball 2-0: Foul Ball, location: 2F 2-1: Foul Ball, location: 2F 2-2: Ball 3-2: SINGLE (Line Drive, 7S, EV 107.5 MPH) Gabriel Montoya to third Colin O'Connell to second
|
Batting: SHB Cecil Nelson
|
0-0: Grounds into double play, 3-6-3 (Groundball, 3, EV 103.1 MPH) Gabriel Montoya scores Colin O'Connell to third
|
Batting: LHB Obidiah Lewis
|
0-0: Ball 1-0: Ball 2-0: Ball 3-0: Base on Balls
|
Batting: RHB Silvian Burger
|
0-0: Ball 1-0: Ball 2-0: Foul Ball, location: 2F 2-1: Called Strike 2-2: Foul Ball, location: 2F 2-2: Strikes out looking
|
Bottom of the 9th over - 1 run, 2 hits, 0 errors, 2 left on base; Buffalo 5 - Oakland 3 |
|